 Dungeon Crawl Stone Soup version 0.25-a0-598-gc9c9e4cfe1 (webtiles) character file.

Game seed: 5412604080361459156, levelgen mode: deterministic

2769 Esekla the Cutter (level 9, -5/40 HPs)
             Began as a Spriggan Artificer on Mar 16, 2020.
             Slain by an orc warrior
             ... wielding a +0 dire flail
              (22 damage)
             ... on level 7 of the Dungeon.
             The game lasted 01:30:53 (11893 turns).

Esekla the Cutter (Spriggan Artificer)             Turns: 11893, Time: 01:30:55

Health: -5/40      AC:  8    Str:  8    XL:     9   Next: 42%
Magic:  15/18      EV: 23    Int: 15    God:
Gold:   560        SH:  0    Dex: 19    Spells: 8/19 levels left

rFire    + + +     SeeInvis +   v - +3 dagger (venom)
rCold    . . .     Gourm    .   (shield restricted)
rNeg     . . .     Faith    .   b - +0 robe
rPois    .         Spirit   .   N - +1 hat
rElec    .         Reflect  .   (no cloak)
rCorr    .         Harm     .   (gloves unavailable)
MR       +....                  (boots unavailable)
Stlth    +++.......             (no amulet)
HPRegen  0.13/turn              M - ring of protection from fire
MPRegen  0.16/turn              (no ring)

@: icy armour, very quick
A: very small, unfitting armour, claws 1, see invisible, agile 1, fire
resistance 2, herbivore, speed 3, slow metabolism 2
a: no special abilities


You were on level 7 of the Dungeon.
You were not hungry.

You visited 2 branches of the dungeon, and saw 8 of its levels.
You also visited: Sewer.

You collected 560 gold pieces.

Inventory:

Hand Weapons
 f - a +0 falchion
 l - a cursed +3 dagger
 s - a +0 spear
 v - a +3 dagger of venom (weapon)
Missiles
 w - 40 poisoned darts (quivered)
Armour
 b - a +0 robe (worn)
 t - a +0 buckler
 u - a +0 leather armour
 B - a cursed +0 leather armour
 C - a +0 leather armour
 I - a +0 leather armour
 J - a +0 leather armour
 K - a +1 leather armour of poison resistance
 N - a +1 hat (worn)
 P - a +0 leather armour
Jewellery
 M - a ring of protection from fire (left claw)
 Q - an uncursed ring of wizardry {unknown}
Wands
 c - a wand of flame (30)
 d - a wand of enslavement (15)
 e - a wand of random effects (8)
Scrolls
 g - a scroll of random uselessness {unknown}
 h - 4 scrolls of identify
 k - 3 scrolls of enchant weapon
 m - a scroll of enchant armour {unknown}
 o - 5 scrolls of remove curse
 r - a scroll of amnesia {unknown}
 x - a scroll of magic mapping {unknown}
 y - 2 scrolls of fear {unknown}
 A - a scroll of noise {unknown}
 H - a scroll of teleportation {unknown}
 L - 2 scrolls of blinking {unknown}
 R - a scroll of acquirement {unknown}
Potions
 a - 4 potions of curing
 i - 4 potions of cancellation
 j - a potion of magic
 p - a potion of mutation
 q - 6 potions of haste
 z - 3 potions of stabbing
 D - 3 potions of might
 E - a potion of brilliance
 F - 3 potions of heal wounds
 G - a potion of flight
 O - a potion of experience
Comestibles
 n - 8 rations


   Skills:
 - Level 0.7 Fighting
 * Level 7.1(8.4) Short Blades
 * Level 5.0(6.1) Long Blades
 + Level 2.8 Throwing
 + Level 6.7 Dodging
 - Level 5.0 Stealth
 * Level 5.8 Spellcasting
 * Level 1.7 Conjurations
 * Level 2.1 Charms
 + Level 1.3 Transmutations
 * Level 2.2 Fire Magic
 * Level 1.0 Ice Magic
 - Level 4.0 Evocations


You had 8 spell levels left.
You knew the following spells:

 Your Spells              Type           Power        Failure   Level  Hunger
a - Ozocubu's Armour      Chrm/Ice       #.......     24%         3    ###....
f - Conjure Flame         Conj/Fire      ##......     21%         3    ###....
p - Passwall              Tmut/Erth      #.......     17%         2    #......
r - Frozen Ramparts       Ice            #.....       30%         3    ###....

Your spell library contained the following spells:

 Spells                   Type           Power        Failure   Level  Hunger
 Foxfire                  Conj/Fire      ##..         7%          1    None
 Freeze                   Ice            #...         10%         1    None
 Sandblast                Erth           #.....       14%         1    None
 Inner Flame              Hex/Fire       #.......     28%         3    ###....
 Stone Arrow              Conj/Erth      #.....       30%         3    ###....
 Sticky Flame             Conj/Fire      ##......     56%         4    ####...
 Hailstorm                Conj/Ice       #.......     65%         4    ####...
 Petrify                  Tmut/Erth      #.......     75%         4    ####...
 Summon Ice Beast         Ice/Summ       #.......     77%         4    ####...
 Fireball                 Conj/Fire      ##........   88%         5    ######.
 Lee's Rapid Deconstruct  Erth           #.........   99%         5    ######.


Dungeon Overview and Level Annotations

Branches:
Dungeon (7/15)             Temple (1/1) D:4           Sewer (visited)

Altars:
Ashenzari
Cheibriados
Dithmenos
Elyvilon
Fedhas
Gozag
Hepliaklqana
Kikubaaqudgha
Makhleb
Nemelex Xobeh
Okawaru
Qazlal
Ru
Sif Muna
Uskayaw
Vehumet
Wu Jian
Xom
Yredelemnul
Zin
The Shining One


Innate Abilities, Weirdness & Mutations

You are very small and have problems with some larger weapons.
You are too small for most types of armour.
You have supernaturally acute eyesight. (SInv)
You are a herbivore.
You cover ground extremely quickly.
You need to consume almost no food.
You have sharp fingernails.
You are agile. (Dex +2)
Your flesh is very heat resistant. (rF++)


Message History

The orc priest is moderately wounded.
The orc priest hits you but does no damage.
The bullfrog completely misses you.
You hit the orc priest but do no damage.
The orc priest looks as sick as possible!
The orc priest is heavily wounded.
The bullfrog completely misses you.
The orc priest casts a cantrip, but nothing happens.
The orc warrior closely misses you.
You hit the orc priest but do no damage.
The orc priest looks as sick as possible!
The orc priest is heavily wounded.
You hit the bullfrog.
The bullfrog is poisoned.
The bullfrog is moderately wounded.
The bullfrog hits you!
The orc priest mumbles some strange prayers to Beogh against you.
Beogh smites you!
The orc warrior hits you with a +0 dire flail!!
Ouch! That really hurt!
You die...

..# ..# ...
.... ..# ...
.... ..# ....
#..# ..# .....
#..# ..#
....ยง##..###
..# .....'.....
..# ###
.....#Fo.# #.#
.###
##.#Zo@.#####.#
.o.o<
#....o......#.#
.####
#......####.#.#
..... #.###...
#.#.# ..... #
#### #.#.#
........
#.##.#.#
........
#.#......#
......#
#.####.### #
###..# ##.##
#.#


You could see an orc warrior, a bullfrog, an orc priest, an orc and a quokka
zombie.

Vanquished Creatures
  An orc warrior (D:6)
  2 sky beasts
  2 ice beasts (D:6)
  A phantom (D:5)
  3 ogres
  A centaur (D:5)
  2 big kobolds
  2 bullfrogs
  2 water moccasin skeletons
  3 killer bees (D:7)
  4 scorpions
  4 wights (D:5)
  A howler monkey (D:4)
  A crimson imp (D:6)
  2 bullfrog zombies
  A hound (D:6)
  2 orc priests
  A centaur skeleton (D:4)
  2 jellies
  7 orc wizards
  A worker ant (D:4)
  Natasha (D:2)
  Terence (D:3)
  2 hound zombies
  3 hound skeletons
  8 gnolls
  5 adders
  7 river rats (Sewer)
  A shadow imp (D:6)
  3 oozes
  An adder zombie (D:6)
  An adder skeleton (D:6)
  2 worms
  A dart slug (D:1)
  7 leopard geckos
  18 orcs
  8 bats
  4 giant cockroaches
  12 goblins
  10 hobgoblins
  6 jackals
  21 kobolds
  5 ball pythons (Sewer)
  7 frilled lizards
  A jackal zombie (D:6)
  25 rats
205 creatures vanquished.

Notes
Turn   | Place    | Note
-------+----------+-------------------------------------------
     0 | D:1      | Esekla the Spriggan Artificer began the quest for the Orb.
     0 | D:1      | Reached XP level 1. HP: 9/9 MP: 4/4
   340 | D:1      | Reached XP level 2. HP: 5/14 MP: 6/6
   609 | D:1      | Reached skill level 1 in Spellcasting
   675 | D:1      | Reached skill level 1 in Throwing
   780 | D:1      | Reached skill level 2 in Short Blades
  1190 | D:2      | Reached XP level 3. HP: 17/17 MP: 7/7
  1249 | D:2      | Reached XP level 4. HP: 21/21 MP: 8/8
  1280 | D:2      | Found a radiant altar of Vehumet.
  1282 | D:2      | Found an iron altar of Okawaru.
  1720 | D:2      | Reached skill level 3 in Short Blades
  2327 | D:2      | Found an ornate altar of the Wu Jian Council.
  2435 | D:3      | HP: 1/21 [poisoned by a goblin]
  2440 | D:3      | Gained mutation: Your flesh is heat resistant. (rF+)
                  | [potion of mutation]
  2440 | D:3      | Gained mutation: Your flesh is very heat resistant. (rF++)
                  | [potion of mutation]
  2440 | D:3      | Gained mutation: You have sharp fingernails. [potion of
                  | mutation]
  2440 | D:3      | Gained mutation: You are agile. (Dex +2) [potion of
                  | mutation]
  2440 | D:3      | HP: 1/31 [poisoned by a goblin]
  2775 | D:3      | Reached XP level 5. HP: 17/25 MP: 9/9
  2935 | D:3      | Noticed Terence
  2995 | D:3      | Found a blossoming altar of Fedhas.
  3813 | D:2      | Reached skill level 1 in Long Blades
  4217 | D:2      | Noticed Natasha
  4233 | D:2      | Killed Natasha
  4306 | D:2      | Noticed an ogre
  4321 | D:2      | Killed an ogre
  4321 | D:2      | Reached XP level 6. HP: 29/29 MP: 9/11
  4571 | D:3      | Killed Terence
  5018 | D:4      | Found a burning altar of Makhleb.
  5025 | D:4      | Found a glowing silver altar of Zin.
  5031 | D:4      | Reached skill level 5 in Dodging
  5062 | D:4      | Noticed a blizzard demon
  5063 | D:4      | Noticed an angel
  5143 | D:4      | Learned a level 2 spell: Passwall
  5293 | D:4      | Reached XP level 7. HP: 32/32 MP: 12/12
  5423 | D:4      | Found a staircase to the Ecumenical Temple.
  5432 | Temple   | Entered the Ecumenical Temple
  5631 | D:5      | Entered Level 5 of the Dungeon
  5662 | D:5      | Found a glowing drain.
  5815 | Sewer    | Entered a sewer
  6100 | Sewer    | Reached skill level 4 in Short Blades
  7063 | D:5      | Found a radiant altar of Vehumet.
  7129 | D:5      | Reached skill level 5 in Stealth
  7301 | D:5      | Reached skill level 1 in Transmutations
  7335 | D:5      | Reached skill level 5 in Short Blades
  7335 | D:5      | Reached XP level 8. HP: 15/37 MP: 14/14
  8054 | D:6      | Reached skill level 6 in Short Blades
  8498 | D:5      | Learned a level 3 spell: Conjure Flame
  9661 | D:6      | Reached skill level 5 in Spellcasting
  9671 | D:6      | Reached skill level 1 in Fire Magic
  9988 | D:6      | Reached skill level 1 in Conjurations
  9988 | D:6      | Reached XP level 9. HP: 17/40 MP: 9/17
 10243 | D:6      | Found a glowing golden altar of the Shining One.
 10376 | D:6      | Learned a level 3 spell: Ozocubu's Armour
 10380 | D:6      | Learned a level 3 spell: Frozen Ramparts
 10489 | D:6      | Reached skill level 1 in Charms
 10605 | D:6      | Reached skill level 7 in Short Blades
 11494 | D:7      | Reached skill level 5 in Long Blades
 11808 | D:7      | Reached skill level 1 in Ice Magic
 11893 | D:7      | Slain by an orc warrior

Levels and vault maps discovered:
D:1:      scummos_arrival_gate, layout_rooms, chequers_big_river
D:2:      layout_loops_ring, grunt_temple_overflow_open,
          nicolae_overflow_hidden_temple, kennysheep_small_spiral,
          minmay_quantized, uniq_natasha
D:3:      layout_rooms, fedhas_altar_3, uniq_terence
D:4:      layout_loops_cross, grunt_temple_overflow_order_and_chaos_2,
          minmay_temple_entry_poolview
D:5:      layout_layer_cave, cheibrodos_sewer_entry_bend, first_ration,
          vehumet_altar_wand_db
D:6:      hangedman_cross_stitches, layout_basic, basic_altar, st_stairs_9
D:7:      layout_basic
Temple:   eino_temple_scatter_basement

Skill      XL: |  1  2  3  4  5  6  7  8  9 |
---------------+----------------------------+-----
Spellcasting   | 1 2 3 5 |  5.8
Throwing       | 1 2 |  2.8
Short Blades   | 2 3 5 6 7 |  7.1
Dodging        | 4 5 6 |  6.7
Stealth        | 2 3 5 |  5.0
Long Blades    | 1 3 4 5 |  5.0
Transmutations | 1 |  1.3
Fire Magic     | 1 2 |  2.2
Conjurations   | 1 |  1.7
Charms         | 2 |  2.1
Ice Magic      | 1 |  1.0
Fighting       | |  0.7
Evocations     | |  4.0

Action                   |  1- 3 |  4- 6 |  7- 9 || total
-------------------------+-------+-------+-------++-------
Melee: Short sword       |    91 |       |       ||    91
       Falchion          |       |   186 |    98 ||   284
       Dagger            |       |    74 |   435 ||   509
       Spear             |       |       |    98 ||    98
Throw: Dart              |       |       |    33 ||    33
 Cast: Passwall          |       |     1 |       ||     1
       Conjure Flame     |       |       |    17 ||    17
       Ozocubu's Armour  |       |       |     5 ||     5
       Frozen Ramparts   |       |       |     3 ||     3
Evoke: Wand              |     5 |     2 |       ||     7
  Use: Scroll            |     3 |     4 |     5 ||    12
       Potion            |     1 |     5 |     2 ||     8
 Stab: Sleeping          |     3 |     5 |    10 ||    18
       Distracted        |       |     1 |     1 ||     2
  Eat: Ration            |       |     1 |     6 ||     7
Armor: Robe              |    15 |    12 |    33 ||    60
       Skin              |       |     2 |    17 ||    19
Dodge: Dodged            |    91 |   196 |   326 ||   613
       Rpst.: Falchion   |       |    44 |    20 ||    64

Table legend:
 A = Non-vault XP
 B = Vault XP
 C = Vault XP percentage of total XP
 D = Non-vault monster count
 E = Vault monster count
 F = Vault count percentage of total count
                 A         B        C        D         E       F
            +---------+---------+-------+---------+---------+-------
      Total |    2996 |     961 |  24.3 |     136 |      69 |  33.7
            +---------+---------+-------+---------+---------+-------
        D:1 |      74 |       0 |   0.0 |      30 |       0 |   0.0
        D:2 |     162 |     174 |  51.8 |      22 |       6 |  21.4
        D:3 |      30 |      32 |  51.6 |      12 |       1 |   7.7
        D:4 |     294 |       0 |   0.0 |      10 |       0 |   0.0
        D:5 |    1083 |       7 |   0.6 |      27 |       2 |   6.9
        D:6 |     822 |     499 |  37.8 |      18 |      12 |  40.0
        D:7 |     531 |       0 |   0.0 |      17 |       0 |   0.0
      Sewer |       0 |     249 | 100.0 |       0 |      48 | 100.0
            +---------+---------+-------+---------+---------+-------
